 Dungeon Crawl Stone Soup version 0.29-a0-789-g7a8fcbc185 (webtiles) character file.

Game seed: 13839511857530583025

21 buhh the Insei (level 2, 0/19 HPs)
             Began as an Octopode Transmuter on July 2, 2022.
             Succumbed to a kobold's poison
             ... on level 1 of the Dungeon.
             The game lasted 00:00:57 (775 turns).

buhh the Insei (Octopode Transmuter)                 Turns: 775, Time: 00:00:58

Health: 0/19       AC:  1    Str:  9    XL:     2   Next: 87%
Magic:  3/5        EV: 13    Int: 15    God:
Gold:   21         SH:  0    Dex: 12    Spells: 4/5 levels left

rFire   . . .      SeeInvis .     - Unarmed
rCold   . . .      Faith    .   (no shield)
rNeg    . . .      Spirit   .   (helmet currently unavailable)
rPois   .          Reflect  .   (no amulet)
rElec   .          Harm     .   (no ring)
rCorr   .          Rampage  .   (no ring)
Will    .....                   (no ring)
Stlth   +++.......              (no ring)
HPRegen 0.06/turn               (no ring)
MPRegen 0.09/turn               (no ring)
                                (no ring)
                                (no ring)

@: lethally poisoned (0 -> -1), appendages
A: tentacle spike 3, almost no armour, amphibious, 8 rings, camouflage 1,
gelatinous body 1, (nimble swimmer 1), tentacles
a: End Transformation


You were on level 1 of the Dungeon.
One of your tentacles had grown a beastly spike.
You visited 1 branch of the dungeon, and saw 1 of its levels.

You collected 21 gold pieces.

Inventory:

Scrolls
 a - a scroll of amnesia {unknown}
 b - a scroll of teleportation {unknown}
 c - a scroll of identify {unknown}
Potions
 l - a potion of lignification {!d}


   Skills:
 + Level 2.1 Fighting
 - Level 2.0 Dodging
 - Level 2.0 Stealth
 * Level 3.0 Unarmed Combat
 - Level 2.0 Spellcasting
 - Level 2.0 Transmutations


You had 4 spell levels left.
You knew the following spells:

 Your Spells              Type           Power      Damage    Failure   Level
a - Beastly Appendage     Tmut           14%        N/A       10%         1

Your spell library contained the following spells:

 Spells                   Type           Power      Damage    Failure   Level
 Wereblood                Tmut           7%         N/A       14%         2
 Spider Form              Tmut/Pois      4%         N/A       41%         3
 Ice Form                 Ice/Tmut       4%         N/A       82%         4


Dungeon Overview and Level Annotations

Branches:
Dungeon (1/15) Zot: 5227

Altars:


Innate Abilities, Weirdness & Mutations

One of your tentacles has grown a beastly spike.
You cannot wear most types of armour.
You are amphibious.
You can wear up to eight rings at the same time.
Your skin changes colour to match your surroundings (Stealth+).
Your rubbery body absorbs attacks. (AC +1, EV +1)
((You are camouflaged when in or above water. (Stealth+)))
You have tentacles for arms and can constrict up to eight enemies at once.


Message History

Your grab misses the frilled lizard.
Your tentacle spike misses the frilled lizard.
The frilled lizard closely misses you.
You barely miss the frilled lizard. Your grab misses the frilled lizard.
You pierce the frilled lizard, but do no damage.
Your transformation is almost over.
The frilled lizard closely misses you.
You tentacle-slap the frilled lizard.
You kill the frilled lizard!
The kobold shouts!
You hear a shout!
A kobold is nearby!
A hobgoblin comes into view.
You extend your transformation's duration.
The kobold hits you with a +1 dagger of venom.
You are poisoned.
You barely miss the kobold. Your grab misses the kobold.
Your transformation is almost over.
You feel very sick.
The kobold hits you with a +1 dagger of venom.
You closely miss the kobold. You grab the kobold. You constrict the kobold.
You feel sick.
You are too injured to fight recklessly!
You tentacle-slap the kobold.
You kill the kobold!
You feel sick.
Okay, then.
* * * LOW HITPOINT WARNING * * *
You feel sick.
* * * LOW HITPOINT WARNING * * *
You feel sick.
* * * LOW HITPOINT WARNING * * *
You feel sick.
* * * LOW HITPOINT WARNING * * *
You feel sick.
Casting: Beastly Appendage (safe; 10% risk of failure)
Press: ? - help, Q - select action Dir - look around, f - activate You extend your transformation's duration.
* * * LOW HITPOINT WARNING * * *
You feel sick.
You die...

#..........#
#........#
#..........##
#........#
###.........#
#........# #.........#
#........# #.........#
#........##
#####......#
########..#
#..........##### ##.#
#..........#...#######
#.#
#..........@†.........
#.#
#..........g..........
#..
#.....................
#..
#...............#####
#.. #..............)#
#.# ##................
#.#
#...!..............
#.#
##+#.########........
..# #.......# ###


You could see a hobgoblin.

Vanquished Creatures
  3 bats (D:1)
  An endoplasm (D:1)
  2 goblins (D:1)
  3 hobgoblins (D:1)
  3 jackals (D:1)
  2 ball pythons (D:1)
  2 frilled lizards (D:1)
  2 kobolds (D:1)
18 creatures vanquished.

Notes
Turn   | Place    | Note
-------+----------+-------------------------------------------
     0 | D:1      | buhh the Octopode Transmuter began the quest for the Orb.
     0 | D:1      | Reached XP level 1. HP: 13/13 MP: 3/3
   120 | D:1      | Reached XP level 2. HP: 13/18 MP: 3/5
   561 | D:1      | Found a faded altar of an unknown god.
   775 | D:1      | Succumbed to a kobold's poison

Illustrated notes

Levels and vault maps discovered:
D:1:      dpeg_arrival_round_c, layout_basic, shapermc_ecumenical_altar_gd,
          minmay_pentomino_s2

Skill      XL: |  1  2 |
---------------+-------+-----
Stealth        | 1 2 |  2.0
Fighting       | 2 |  2.1
Dodging        | |  2.0
Unarmed Combat | |  3.0
Spellcasting   | |  2.0
Transmutations | |  2.0

Action                   || total
-------------------------++-------
Melee: Unarmed           ||    32
       Constrict         ||    10
       Kick              ||     9
       Tentacles         ||     7
 Cast: Beastly Appendage ||    12
 Stab: Sleeping          ||     7
Armor: Skin              ||     4
Dodge: Dodged            ||    12

Table legend: (Time is in decaauts)
 A = Elapsed time spent in this place.
 B = Non-inter-level travel time spent in this place.
 C = Inter-level travel time spent in this place.
 D = Time resting spent in this place.
 E = Time spent auto-exploring this place.
 F = Levels seen in this place.
 G = Mean time per level.
                   A        B        C        D        E       F      G
               +--------+--------+--------+--------+--------+-----+--------+
         Total |    772 |    772 |      0 |      0 |    657 |   1 |  772.0 |
       Dungeon |    772 |    772 |      0 |      0 |    657 |   1 |  772.0 |
               +--------+--------+--------+--------+--------+-----+--------+

Top non-repeatable levels by time:
     D:1: 772 daAuts
